 Dungeon Crawl Stone Soup version 0.23.0-33-g5e6c059 (webtiles) character file.

Game seed: 6175400494335208535

18 elfaar the Skirmisher (level 2, 0/26 HPs)
             Began as a Draconian Berserker on Feb 26, 2019.
             Was a Believer of Trog.
             Slain by a hobgoblin
             ... wielding a +0 club
             ... led by Robin
              (7 damage)
             ... on level 2 of the Dungeon.
             The game lasted 00:06:04 (552 turns).

elfaar the Skirmisher (Draconian Berserker)          Turns: 552, Time: 00:06:05

Health: 0/26       AC:  4    Str: 19    XL:     2   Next: 51%
Magic:  2/2        EV:  9    Int:  7    God:    Trog [**....]
Gold:   29         SH:  0    Dex: 10    Spells: 1/1 levels left

rFire    . . .     SeeInvis .   a - +0 mace
rCold    . . .     Gourm    .   (no shield)
rNeg     . . .     Faith    .   (armour unavailable)
rPois    .         Spirit   .   (helmet restricted)
rElec    .         Reflect  .   (no cloak)
rCorr    .         Harm     .   (no gloves)
MR       .....                  (no boots)
Stlth    +.........             (no amulet)
HPRegen  0.08/turn              (no ring)
MPRegen  0.08/turn              (no ring)

@: berserk cooldown, slowed, constricted, very slow
A: unfitting armour, cold-blooded, AC +4
a: Berserk, Trog's Hand, Renounce Religion


You were on level 2 of the Dungeon.
You worshipped Trog.
Trog was pleased with you.
You were hungry.

You visited 1 branch of the dungeon, and saw 2 of its levels.

You collected 29 gold pieces.

Inventory:

Hand Weapons
 a - a +0 mace (weapon)
 l - a +0 mace
Missiles
 f - 35 arrows
 k - 55 stones (quivered)
Armour
 h - a +0 pair of gloves
Jewellery
 g - a cursed ring of attention {unknown}
 i - a +5 ring of evasion {unknown}
Potions
 e - a potion of might {unknown}
 j - a potion of degeneration {unknown}
 m - a potion of cancellation {unknown}
Comestibles
 b - 2 rations
 d - a chunk of flesh


   Skills:
 + Level 3.5 Fighting
 + Level 3.3 Maces & Flails
 + Level 3.0 Dodging


You had one spell level left.
You didn't know any spells.
Your spell library was empty.

Dungeon Overview and Level Annotations

Branches:
Dungeon (2/15)

Altars:


Innate Abilities, Weirdness & Mutations

Your plain brown scales are hard. (AC +4)
You cannot fit into any form of body armour.
You are cold-blooded and may be slowed by cold attacks.


Message History

The hobgoblin barely misses you.
You closely miss the ball python. The ball python barely misses you.
The ball python constricts you. The giant cockroach barely misses you.
The ball python barely misses you. The hobgoblin hits you with a +0 club.
The goblin barely misses you.
The hobgoblin hits you but does no damage.
The ball python bites you. The ball python constricts you.
The giant cockroach bites you but does no damage.
The ball python bites you. The goblin closely misses you.
The hobgoblin closely misses you.
You closely miss the ball python. The ball python barely misses you.
The ball python constricts you.
The giant cockroach bites you but does no damage.
The ball python bites you. The hobgoblin hits you with a +0 club.
The ball python closely misses you. The ball python constricts you.
The giant cockroach barely misses you. The ball python barely misses you.
The goblin hits you.
* * * LOW HITPOINT WARNING * * *
The hobgoblin hits you with a +0 club!
You die...

........... .......#
.......# ###
.......####..
##..........##### ##
......###.......##..#
......# #...(...#..#
......# #..†.[g....###
......# ##..†.Ks@S.<..#
......# #..(..gggS......
......###..(...gg.......
.......>..#(###.........
..#..#####..# #.........
.....# ##)(# #.........
...#.####..## #.........
##........(# #.........
....###..)# #......


You could see a giant cockroach, 3 hobgoblins, 3 goblins, 2 ball pythons and a
kobold.

Vanquished Creatures
  A hobgoblin (D:2)
  2 kobolds
  A quokka (D:2)
  5 bats
  5 goblins
  6 rats
20 creatures vanquished.

Notes
Turn   | Place    | Note
-------+----------+-------------------------------------------
     0 | D:1      | elfaar the Draconian Berserker began the quest for the Orb.
     0 | D:1      | Reached XP level 1. HP: 19/19 MP: 1/1
   424 | D:2      | Reached XP level 2. HP: 26/26 MP: 2/2
   533 | D:2      | Reached ** piety under Trog
   552 | D:2      | Slain by a hobgoblin

Skill      XL: |  1  2 |
---------------+-------+-----
Dodging        | 3 |  3.0
Fighting       | |  3.5
Maces & Flails | |  3.3

Action                   || total
-------------------------++-------
Melee: Mace              ||    48
       Tailslap          ||     3
Throw: Stone             ||    11
Invok: Berserk           ||     3
  Use: Scroll            ||     2
       Potion            ||     1
  Eat: Chunk             ||     1
Armor: Skin              ||    30
Dodge: Dodged            ||    91
